 Dungeon Crawl Stone Soup version 0.19-a0-994-g3c636f0 (webtiles) character file.

92 matakusis the Ducker (level 4, -3/34 HPs)
             Began as a Demonspawn Gladiator on July 16, 2016.
             Killed by nerve-wracking pain
             ... invoked by Grinder
              (12 damage)
             ... on level 3 of the Dungeon.
             The game lasted 00:05:12 (1501 turns).

matakusis the Ducker (Demonspawn Gladiator)         Turns: 1501, Time: 00:05:13

Health: -3/34      AC: 12    Str: 19    XL:     4   Next: 35%
Magic:  4/4        EV: 14    Int:  9    God:
Gold:   123        SH:  0    Dex: 15    Spells: 0 memorised, 3 levels left

rFire  . . .     SeeInvis .     a - +1 long sword
rCold  . . .     Gourm    .     b - +1 leather armour
rNeg   + . .     Faith    .     (no shield)
rPois  .         Spirit   .     c - +0 helmet
rElec  .         Dismiss  .     (no cloak)
rCorr  .         Reflect  .     j - +0 pair of gloves
SustAt .         Harm     .     (no boots)
MR     .....                    (no amulet)
Stlth  +.........               u - +4 ring of strength
                                h - ring of positive energy

@: not resistant to hostile enchantments, very unstealthy
A: iridescent scales 2
a: no special abilities


You were on level 3 of the Dungeon.
You were not hungry.

You visited 1 branch of the dungeon, and saw 3 of its levels.

You collected 123 gold pieces.

Inventory:

Hand Weapons
 a - a +1 long sword (weapon)
Missiles
 d - 2 throwing nets (quivered)
Armour
 b - a +1 leather armour (worn)
 c - a +0 helmet (worn)
 j - a +0 pair of gloves (worn)
Jewellery
 h - a ring of positive energy (left hand)
 s - an uncursed ring of wizardry
 u - a +4 ring of strength (right hand)
Scrolls
 e - a scroll of identify
 o - a scroll of teleportation
Potions
 g - a potion of flight
 r - a potion of curing
Comestibles
 f - 2 bread rations
 i - 4 chunks of flesh
 k - a meat ration
 p - a beef jerky


   Skills:
 * Level 2.5 Fighting
 + Level 3.1 Long Blades
 - Level 1.7 Throwing
 * Level 4.1 Dodging


You had 3 spell levels left.
You didn't know any spells.

Dungeon Overview and Level Annotations

Branches:
Dungeon (3/15)

Altars:
Trog

Annotations:
D:3 Grinder


Innate Abilities, Weirdness & Mutations

You are mostly covered in iridescent scales. (AC +6)


Message History

You can move again.
Throwing (i - inventory):
d - 3 throwing nets (quivered)
Press: ? - help, Shift-Dir - straight line, f - Grinder
Aim: Grinder (moderately wounded)
You throw a throwing net. The throwing net hits Grinder.
Grinder is caught in the net!
Grinder is moderately wounded.
Grinder struggles against the net.
You hit Grinder.
Grinder is moderately wounded.
Grinder struggles against the net.
You slash Grinder!
Grinder is severely wounded.
Grinder struggles against the net.
You slash Grinder!
Grinder is almost dead.
Grinder struggles against the net.
Grinder gestures at you. Pain shoots through your body!
You die...

#.# .. ... [#
#.# .# #.# .#
##.##.# #
#.).#.#
#.#.#5#[#
#...@...#
####.####
###.####
#......#####
#.#........#
#.#......#.#
#.##.#...#.#
####.##.#.......
##
#.........###.##


You could see Grinder (caught).

Vanquished Creatures
  2 adders
  An ooze (D:1)
  2 worms (D:2)
  2 dart slugs
  A giant gecko (D:1)
  A ball python (D:3)
  3 giant cockroaches
  6 goblins
  8 hobgoblins
  3 jackals (D:2)
  A quokka (D:3)
  8 bats
  3 giant newts
  8 kobolds
  8 rats
57 creatures vanquished.

Notes
Turn   | Place    | Note
-------+----------+-------------------------------------------
     0 | D:1      | matakusis the Demonspawn Gladiator began the quest for the Orb.
     0 | D:1      | Reached XP level 1. HP: 16/16 MP: 1/1
    77 | D:1      | Reached skill level 3 in Dodging
    77 | D:1      | Gained mutation: You are partially covered in iridescent scales. (AC +4) [demonic ancestry]
    77 | D:1      | Reached XP level 2. HP: 11/22 MP: 2/2
   432 | D:1      | Gained mutation: You are mostly covered in iridescent scales. (AC +6) [demonic ancestry]
   432 | D:1      | Reached XP level 3. HP: 16/27 MP: 3/3
  1079 | D:2      | Reached skill level 4 in Dodging
  1079 | D:2      | Reached XP level 4. HP: 31/34 MP: 4/4
  1406 | D:3      | Found a bloodstained altar of Trog.
  1479 | D:3      | Noticed Grinder
  1485 | D:3      | Paralysed by Grinder for 4 turns
  1492 | D:3      | Paralysed by Grinder for 6 turns
  1501 | D:3      | Killed from afar by Grinder

Vault maps used:
D:1:      mrwooster_arrival_statue_3, minmay_pentomino_q4
D:3:      corexii_corridor_pit, nrook_loot_triangle, trog_three_pillars_becter,
          uniq_crazy_yiuf_cottage, uniq_grinder, uniq_sigmund

Skill      XL: |  1  2  3 |
---------------+----------+-----
Dodging        | 3 4 |  4.1
Long Blades    | 3 |  3.1
Fighting       | |  2.5
Throwing       | |  1.7

Action                   |  1- 3 |  4- 6 || total
-------------------------+-------+-------++-------
Melee: Long sword        |   164 |    52 ||   216
Throw: Throwing net      |       |     1 ||     1
  Use: Scroll            |       |    10 ||    10
 Stab: Sleeping          |     1 |     2 ||     3
  Eat: Chunk             |     1 |     1 ||     2
Armor: Leather armour    |    48 |    20 ||    68
Dodge: Dodged            |   125 |    37 ||   162
